Map: Pillars of Gold LE

Players

Has

  • Race: Protoss Protoss
  • Spawn Location: 1:00

黑羽快斗 (ButAlways) - Winner!

  • Race: Protoss Protoss
  • League: Master
  • Spawn Location: 7:00

Event: DreamHack SC2 Masters 2020 Fall

VOD

Have the link to the VOD?

Description

Time

  • Played on: Aug. 29, 2020, 8:38 a.m.
  • Length: 6:33

All games in this series

Show
View Real Time Build Order
Export as new Build Order

Has Protoss 

Build Orders: Nexus First 

Get SALT Encoding   

  12  0:00  Probe  
  13  0:12  Probe  
  14  0:19  Pylon  
  14  0:24  Probe (Chrono Boost)  
  15  0:39  Probe (Chrono Boost)  
  16  0:44  Probe (Chrono Boost)  
  17  1:01  Nexus  
  17  1:12  Gateway  
  17  1:14  Probe  
  18  1:21  Assimilator  
  18  1:26  Probe  
  18  1:31  Assimilator  
  19  1:39  Probe  
  20  1:45  Gateway  
  20  1:51  Probe  
  21  1:59  Cybernetics Core  
  21  2:03  Pylon  
  21  2:07  Probe  
  22  2:16  Probe  
  22  2:19  Probe  
  24  2:29  Warp Gate (Chrono Boost)  
  25  2:36  Stalker x2  
  28  2:39  Probe  
  28  2:41  Probe  
  31  2:51  Shield Battery  
  32  3:05  Probe  
  31  3:06  Stalker x2  
  31  3:08  Probe  
  36  3:17  Probe  
  34  3:28  Pylon  
  34  3:30  Gateway  
  33  3:37  Probe x2  
  35  3:47  Shield Battery  
  35  3:57  Adept x2  
  39  4:10  Shield Battery  
  39  4:14  Gateway  
  39  4:17  Stalker  
  39  4:32  Stalker  
  39  4:36  Probe  
  39  4:37  Probe  
  40  4:42  Stalker  
  40  4:49  Gateway  
  40  4:51  Sentry  
  42  5:00  Pylon  
  42  5:10  Sentry x2  
  46  5:23  Cybernetics Core  
  46  5:34  Stalker x2  
  50  6:02  Adept  
  50  6:03  Adept x2  
Show
View Real Time Build Order
Export as new Build Order

黑羽快斗 Protoss - Winner!

Build Orders: Proxy Void Ray 

Get SALT Encoding   

  12  0:00  Probe  
  13  0:12  Probe  
  14  0:19  Pylon  
  14  0:24  Probe  
  15  0:37  Probe (Chrono Boost)  
  15  0:39  Gateway  
  16  0:46  Probe (Chrono Boost)  
  17  0:50  Assimilator  
  17  0:52  Probe  
  18  0:57  Assimilator  
  18  1:04  Probe (Chrono Boost)  
  19  1:14  Probe (Chrono Boost)  
  19  1:15  Gateway  
  20  1:18  Probe (Chrono Boost)  
  21  1:30  Cybernetics Core  
  21  1:31  Probe  
  22  1:43  Probe  
  23  1:48  Pylon  
  23  2:06  Stargate  
  23  2:07  Adept  
  23  2:08  Adept  
  27  2:12  Warp Gate  
  27  2:21  Pylon  
  27  2:37  Adept  
  27  2:38  Adept  
  27  2:40  Void Ray (Chrono Boost)  
  35  3:03  Pylon  
  35  3:08  Void Ray (Chrono Boost)  
  39  3:30  Shield Battery  
  39  3:34  Shield Battery  
  39  3:38  Gateway  
  39  3:44  Void Ray  
  43  3:57  Pylon  
  43  4:05  Adept  
  45  4:11  Adept  
  47  4:22  Void Ray  
  47  4:45  Stalker x2  
  51  4:57  Void Ray (Chrono Boost), Pylon  
  55  5:23  Shield Battery  
  53  5:30  Adept x3  
  57  5:38  Void Ray (Chrono Boost)  
  61  5:56  Shield Battery  
  61  5:58  Adept  
  61  6:03  Pylon  

Tags
 
Add a new tag
Caveats
  • Supply blocks, unpowered buildings, or Contaminate may cause inaccurate times.
  • Supply counts are checked every 10 seconds.